 Dungeon Crawl Stone Soup version 0.31-a0-1547-g618ab1f346 (webtiles) character file.

Game seed: 15687781982959074411

19 Flugslaktarn the Apothecary (level 2, 0/17 HPs)
             Began as an Octopode Alchemist on Jan 3, 2024.
             Slain by a kobold
             ... wielding a +0 short sword
              (4 damage)
             ... on level 1 of the Dungeon.
             The game lasted 00:00:51 (362 turns).

Flugslaktarn the Apothecary (Octopode Alchemist)     Turns: 362, Time: 00:00:52

Health: 0/17       AC:  1    Str:  7    XL:     2   Next: 75%
Magic:  1/5        EV: 13    Int: 17    God:
Gold:   38         SH:  0    Dex: 12    Spells: 4/5 levels left

rFire   . . .        (no weapon)
rCold   . . .        (no shield)
rNeg    . . .        (helmet restricted)
rPois   .            (no amulet)
rElec   .            (no ring)
rCorr   .            (no ring)
SInv    .            (no ring)
Will    .....        (no ring)
Stlth   +++          (no ring)
HPRegen 0.22/turn    (no ring)
MPRegen 0.09/turn    (no ring)
                     (no ring)

%: no passive effects
@: no status effects
A: almost no armour, amphibious, 8 rings, camouflage 1, gelatinous body 1,
(nimble swimmer 1), tentacles
a: no special abilities


You were on level 1 of the Dungeon.
You visited 1 branch of the dungeon, and saw 2 of its levels.

You collected 38 gold pieces.

Inventory:

Armour
 d - a +0 buckler
   (You found it on level 1 of the Dungeon)
Jewellery
 c - a ring of ice
   (You found it on level 1 of the Dungeon)
Scrolls
 b - a scroll of enchant weapon {unknown}
Potions
 a - a potion of magic
 e - a potion of ambrosia {unknown}


   Skills:
 - Level 2.0 Dodging
 - Level 2.6 Stealth
 + Level 2.3 Spellcasting
 - Level 1.0 Conjurations
 * Level 4.0 Alchemy


You had 4 spell levels left.
You knew the following spells:

 Your Spells              Type           Power      Damage    Failure   Level
a - Sting                 Conj/Alch      40%        1d5       7%          1

Your spell library contained the following spells:

 Spells                   Type           Power      Damage    Failure   Level
 Mercury Vapours          Alch/Air       16%        N/A       12%         2
 Mephitic Cloud           Conj/Alch/Air  7%         N/A       28%         3
 Olgreb's Toxic Radiance  Alch           15%        N/A       34%         4
 Hailstorm                Conj/Ice       3%         3d5       41%         3
 Summon Ice Beast         Ice/Summ       2%         N/A       50%         3
 Sticky Flame             Fire/Alch      8%         2d4       63%         4
 Sculpt Simulacrum        Ice/Alch       4%         N/A       100%        6


Dungeon Overview and Level Annotations

Branches:
Dungeon (2/15)

Altars:


Innate Abilities, Weirdness & Mutations

You cannot wear most types of armour.
You are amphibious.
You can wear up to eight rings at the same time.
Your skin changes colour to match your surroundings (Stealth+).
Your rubbery body absorbs attacks. (AC +1, EV +1)
((You are camouflaged when in or above water. (Stealth+)))
You have tentacles for arms and can constrict up to eight enemies at once.


Message History

Magic restored.
A ball python comes into view.
The ball python hisses angrily.
The ball python moves out of view.
Unknown command.
Casting: Sting (safe; 7% risk of failure)
Confirm with . or Enter, or press ? or * to list all spells.
Aiming: Sting (safe; 7% risk of failure)
Press: ? - help, Shift-Dir - straight line, f - ball python
Aim: a ball python (68% to hit)
You miscast Sting.
You are very lightly contaminated with residual magic.
Nothing appears to happen.
You tentacle-slap the ball python. Your grab misses the ball python.
Your squeeze misses the ball python.
The ball python is moderately wounded.
The ball python closely misses you. The ball python grabs you.
The ball python constricts you.
You tentacle-slap the ball python. Your grab misses the ball python.
The ball python is severely wounded.
The ball python barely misses you. The ball python constricts you.
You tentacle-slap the ball python but do no damage.
Your grab misses the ball python.
The ball python is severely wounded.
The ball python bites you. The ball python constricts you.
You tentacle-slap the ball python.
You kill the ball python!
Your magical contamination has completely faded away.
HP restored.
Magic restored.
Found a stone staircase leading down.
Unknown command.
A goblin, a kobold and a bat come into view.
The goblin shouts!
A ball python comes into view.
The kobold closely misses you. The bat hits you but does no damage.
Casting: Sting (safe; 7% risk of failure)
Confirm with . or Enter, or press ? or * to list all spells.
Aiming: Sting (safe; 7% risk of failure)
Press: ? - help, Shift-Dir - straight line, f - bat
Aim: a bat (57% to hit)
The sting hits the bat.
The bat is poisoned.
You kill the bat!
The ball python hisses angrily.
The kobold hits you with a +0 short sword.
The kobold throws a stone.
The stone hits you but does no damage.
Casting: Sting (safe; 7% risk of failure)
Confirm with . or Enter, or press ? or * to list all spells.
Aiming: Sting (safe; 7% risk of failure)
Press: ? - help, Shift-Dir - straight line, f - goblin
Aim: a goblin, wielding a +0 club (64% to hit)
You miscast Sting.
You are very lightly contaminated with residual magic.
Nothing appears to happen.
The goblin hits you with a +0 club.
You barely miss the goblin. You grab the goblin. You constrict the goblin.
The goblin hits you with a +0 club.
You tentacle-slap the goblin but do no damage.
Your squeeze misses the goblin.
The goblin is moderately wounded.
You constrict the goblin, but do no damage.
The goblin closely misses you.
You tentacle-slap the goblin. You squeeze the goblin.
You kill the goblin!
The ball python bites you. The ball python grabs you.
The ball python constricts you.
Your Alchemy skill increases to level 4!
You are too injured to fight recklessly!
Unknown command.
Unknown command.
Unknown command.
Casting: Sting (safe; 7% risk of failure)
Confirm with . or Enter, or press ? or * to list all spells.
Aiming: Sting (safe; 7% risk of failure)
Press: ? - help, Shift-Dir - straight line, f - ball python
Aim: a ball python (constricting you, 68% to hit)
The sting hits the ball python.
The ball python is poisoned.
The ball python is moderately wounded.
The ball python closely misses you. The ball python constricts you.
You escape the ball python's grasp.
The ball python barely misses you. x2; The ball python bites you.
* * * LOW HITPOINT WARNING * * *
The ball python grabs you. The ball python constricts you.
Your magical contamination has completely faded away.
Casting: Sting (safe; 7% risk of failure)
Confirm with . or Enter, or press ? or * to list all spells.
Aiming: Sting (safe; 7% risk of failure)
Press: ? - help, Shift-Dir - straight line, f/p - ball python
Aim: a ball python (heavily wounded, constricting you, poisoned, 68% to hit)
The sting misses the ball python.
The ball python barely misses you. The ball python constricts you.
You tentacle-slap the ball python.
You kill the ball python!
Casting: Sting (safe; 7% risk of failure)
Confirm with . or Enter, or press ? or * to list all spells.
Aiming: Sting (safe; 7% risk of failure)
Press: ? - help, Shift-Dir - straight line, f - kobold
Aim: a kobold, wielding a +0 short sword and quivering stones (64% to hit)
The sting hits the kobold but does no damage.
The kobold is poisoned.
The kobold hits you with a +0 short sword.
You die...

##...# ....####### ##
......>... #.# #S.......#
#.# #..†.....#
#.##........# ##
#.#........##. #.#
##K............ #.#
##@##.......##.#
#.###.######.#####.#
#.#.## #.# #.#
###.########.#####.####
#......##........#.#...
#.#.##.##.#............
#.#....##....#.......##
#.###................#. #
###..###.##....#....#..#.


You could see a kobold (poisoned).

Vanquished Creatures
  A dart slug (D:1)
  4 endoplasms (D:1)
  2 hobgoblins (D:1)
  2 quokkas (D:1)
  3 ball pythons (D:1)
  A bat (D:1)
  2 goblins
15 creatures vanquished.

Notes
Turn   | Place    | Note
-------+----------+-------------------------------------------
     0 | D:1      | Flugslaktarn the Octopode Alchemist began the quest for the
                  | Orb.
     0 | D:1      | Reached XP level 1. HP: 11/11 MP: 3/3
   145 | D:1      | Found a faded altar of an unknown god.
   193 | D:2      | Reached XP level 2. HP: 17/17 MP: 0/5
   357 | D:1      | Reached skill level 4 in Alchemy
   362 | D:1      | Slain by a kobold

Illustrated notes

Levels and vault maps discovered:
D:1:      amcnicky_arrival_abandoned_market, layout_loops_cross,
          dreamdust_ecumenical_altar_grove
D:2:      layout_loops_ring

Skill      XL: |  1  2 |
---------------+-------+-----
Alchemy        | 4 |  4.0
Dodging        | |  2.0
Stealth        | |  2.6
Spellcasting   | |  2.3
Conjurations   | |  1.0

Action                     || total
---------------------------++-------
  Melee: Unarmed           ||    18
         Constrict         ||     4
         Tentacles         ||     5
   Cast: Sting             ||    19
 Armour: Skin              ||    15
  Dodge: Dodged            ||    14

Table legend: (Time is in decaauts)
 A = Elapsed time spent in this place.
 B = Non-inter-level travel time spent in this place.
 C = Inter-level travel time spent in this place.
 D = Time resting spent in this place.
 E = Time spent auto-exploring this place.
 F = Levels seen in this place.
 G = Mean time per level.
                   A        B        C        D        E       F      G
               +--------+--------+--------+--------+--------+-----+--------+
         Total |    362 |    362 |      0 |      0 |    179 |   2 |  181.0 |
       Dungeon |    362 |    362 |      0 |      0 |    179 |   2 |  181.0 |
               +--------+--------+--------+--------+--------+-----+--------+

Top non-repeatable levels by time:
     D:1: 344 daAuts
     D:2: 17 daAuts
